 Dungeon Crawl Stone Soup version 0.18.1-1-g2f07953 (webtiles) character file.

3465 EveningNews the Basher (level 10, -20/65 HPs)
             Began as a Gargoyle Berserker on May 6, 2016.
             Was a High Priest of Trog.
             Demolished by a very large slime creature (48 damage)
             ... on level 8 of the Dungeon.
             The game lasted 00:29:24 (7526 turns).

EveningNews the Basher (Gargoyle Berserker)         Turns: 7526, Time: 00:29:24

Health: -20/65     AC: 12    Str: 23    XL:     10   Next: 6%
Magic:  10/10      EV: 12    Int:  8    God:    Trog [*****.]
Gold:   324        SH:  0    Dex: 12    Spells: 0 memorised, 9 levels left

rFire  x . .     SeeInvis .     B - +1 flail
rCold  + . .     Gourm    .     H - +2 animal skin
rNeg   + . .     Faith    .     (no shield)
rPois  ∞         Spirit   .     (helmet restricted)
rElec  +         Dismiss  .     (no cloak)
rCorr  .         Reflect  .     (no gloves)
SustAt .         Harm     .     m - +0 pair of boots
MR     .....                    (no amulet)
Stlth  +.........               (no ring)
                                e - ring of ice

@: exhausted, slowed, very slow, not resistant to hostile enchantments, very
unstealthy
A: antennae 1, negative energy resistance 1, electricity resistance, strong 1,
unbreathing, petrification resistance, rot immunity, AC +7
a: Berserk, Trog's Hand, Brothers in Arms, Burn Spellbooks, Renounce Religion


You were on level 8 of the Dungeon.
You worshipped Trog.
Trog was extremely pleased with you.
You were not hungry.

You visited 1 branch of the dungeon, and saw 8 of its levels.

You collected 368 gold pieces.
You spent 44 gold pieces at shops.

Inventory:

Hand Weapons
 a - a +0 mace
 x - a +4 hunting sling
 B - a +1 flail (weapon)
 G - a +0 arbalest
 T - a +0 mace
Missiles
 f - 122 arrows
 i - 6 tomahawks
 y - 245 stones
 C - 2 tomahawks of returning (quivered)
 D - 35 bolts
 W - a throwing net
Armour
 b - a +0 animal skin
 m - a +0 pair of boots (worn)
 q - a +2 helmet
 t - a +0 pair of boots
 H - a +2 animal skin (worn)
 Q - a +3 ring mail
Jewellery
 e - a ring of ice (left hand)
 Y - an uncursed amulet of harm {unknown}
 Z - an uncursed ring of protection from fire {unknown}
Wands
 d - a wand of confusion (20/48)
 I - a wand of confusion (25/48)
 L - a wand of disintegration (9/24)
 M - a wand of slowing (5/48)
 S - a wand of paralysis (9/24)
 V - a wand of confusion (18/48)
Scrolls
 g - 5 scrolls of remove curse
 h - 9 scrolls of identify
 j - 2 scrolls of enchant armour {unknown}
 r - 2 scrolls of fear {unknown}
 u - a scroll of magic mapping
 v - 2 scrolls of random uselessness {unknown}
 A - 4 scrolls of fog
 E - 2 scrolls of amnesia
 J - a scroll of teleportation
 N - 4 scrolls of enchant weapon
 O - a scroll of blinking {unknown}
 X - a scroll of recharging {unknown}
Potions
 k - 5 potions of lignification {unknown}
 l - 3 potions of curing {unknown}
 n - 5 potions of agility {unknown}
 o - 2 potions of resistance {unknown}
 s - a potion of might {unknown}
 w - a potion of degeneration {unknown}
 z - a potion of haste {unknown}
 F - a potion of ambrosia {unknown}
 K - 3 potions of flight {unknown}
 R - a potion of invisibility {unknown}
Comestibles
 c - 6 bread rations
 p - 2 meat rations
 P - 6 beef jerkies
 U - 4 fruits


   Skills:
 + Level 8.5 Fighting
 - Level 11.3 Maces & Flails
 - Level 5.6 Armour
 - Level 1.6 Dodging


You had 9 spell levels left.
You didn't know any spells.

Dungeon Overview and Level Annotations

Branches:
Dungeon (8/15)             Temple (0/1) D:7            Lair (0/8) D:8

Altars:
Ashenzari
Cheibriados
Dithmenos
Fedhas
Qazlal
Xom
Yredelemnul
Zin
The Shining One

Shops:
D:4 ?   D:5 [

Portals:
Ossuary: D:5


Innate Abilities, Weirdness & Mutations

You are resistant to torment.
Your stone body is resilient (AC +7).
You are immune to poison.
You resist negative energy.
You are resistant to electric shocks.
You can survive without breathing.
You are immune to petrification.
You are immune to rotting.
You have a pair of small antennae on your head.
Your muscles are strong. (Str +2)


Message History

You feel a strong urge to attack something.
Two slime creatures merge to form a large slime creature.
You hit the large slime creature.
The large slime creature is moderately wounded.
You sock the large slime creature!
The large slime creature is heavily wounded.
You bludgeon the large slime creature!!
The large slime creature is heavily wounded.
You thump the large slime creature!
The large slime creature is severely wounded.
You sock the large slime creature!
The large slime creature is almost dead.
Two slime creatures merge to form a very large slime creature.
You are no longer berserk.
You are exhausted.
You feel yourself slow down.
The very large slime creature hits you but does no damage.
The very large slime creature hits you!!!
Ouch! That really hurt!
You die...

#..## #.## ##..# #..##
##########.########..##
#.......#..............
#.....^.#.......#####..
#.......#...###.# ###
#.......#...# #.####
#......<....# #....####
######@##...######....#
#J##.....#######..
#.##...#....######
#..#...##.........
##.#...#####......
#.##### #....... #.#
#.......
#####.########.......
#..##.##.............


You could see a very large slime creature.

Vanquished Creatures
  The ghost of WinterSpartan the Schismatic, a novice DsAK of Lugonu (D:6)
  A slime creature (D:8)
  Sigmund (D:3)
  A wraith (D:6)
  An orc warrior (D:8)
  A sky beast (D:5)
  An ice beast (D:8)
  5 ogres
  A centaur (D:6)
  5 giant frogs
  2 scorpions (D:4)
  A howler monkey (D:5)
  An electric eel (D:6)
  A crimson imp (D:6)
  A giant frog zombie (D:6)
  A quasit (D:7)
  7 hounds
  5 orc wizards
  2 giant frog skeletons
  7 orc priests
  A jelly (D:6)
  2 iguanas
  5 worker ants
  4 hound zombies
  A hound skeleton (D:6)
  Robin (D:4)
  A howler monkey skeleton (D:5)
  16 adders
  A shadow imp (D:6)
  2 oozes
  An adder skeleton (D:4)
  2 worms (D:4)
  3 dart slugs
  2 giant geckos
  21 orcs
  A ball python (D:3)
  6 bats
  5 giant cockroaches
  14 goblins
  8 hobgoblins
  10 jackals
  8 kobolds
  4 quokkas
  A giant gecko skeleton (D:6)
  2 giant newts
  A jackal skeleton (D:6)
  A quokka skeleton (D:6)
  9 rats
  A plant (D:6)
180 creatures vanquished.

Notes
Turn   | Place    | Note
--------------------------------------------------------------
     0 | D:1      | EveningNews the Gargoyle Berserker began the quest for the Orb.
     0 | D:1      | Reached XP level 1. HP: 14/14 MP: 1/1
   250 | D:1      | Reached XP level 2. HP: 19/19 MP: 2/2
   555 | D:1      | You fall through a shaft!
   571 | D:2      | Reached ** piety under Trog
   571 | D:2      | Reached XP level 3. HP: 6/23 MP: 3/3
   843 | D:2      | Found a shimmering altar of Xom.
   849 | D:2      | Reached skill level 4 in Maces & Flails
  1284 | D:2      | Reached XP level 4. HP: 19/28 MP: 4/4
  1471 | D:3      | Noticed Sigmund
  1733 | D:2      | Reached skill level 5 in Maces & Flails
  2000 | D:3      | Killed Sigmund
  2000 | D:3      | Reached skill level 6 in Maces & Flails
  2000 | D:3      | Reached XP level 5. HP: 32/32 MP: 5/5
  2000 | D:3      | Reached XP level 6. HP: 37/37 MP: 6/6
  2317 | D:3      | Reached *** piety under Trog
  2653 | D:3      | Reached skill level 7 in Maces & Flails
  3075 | D:4      | Reached XP level 7. HP: 36/41 MP: 7/7
  3139 | D:4      | HP: 2/41 [ogre/giant club (14)]
  3352 | D:4      | Noticed Robin
  3386 | D:4      | Killed Robin
  3537 | D:4      | Reached **** piety under Trog
  3537 | D:4      | Reached skill level 5 in Armour
  3772 | D:4      | Found a snail-covered altar of Cheibriados.
  3813 | D:4      | Found Seushrin's Magic Scroll Boutique.
  3816 | D:4      | Bought a scroll of identify for 22 gold pieces
  3816 | D:4      | Bought a scroll of identify for 22 gold pieces
  4273 | D:4      | Reached XP level 8. HP: 48/48 MP: 8/8
  4285 | D:5      | Entered Level 5 of the Dungeon
  4293 | D:5      | Found a sand-covered staircase.
  4307 | D:5      | Found a blossoming altar of Fedhas.
  4346 | D:5      | Found a stormy altar of Qazlal.
  4395 | D:5      | Reached skill level 5 in Fighting
  4492 | D:5      | Found a basalt altar of Yredelemnul.
  4572 | D:5      | Found Tyrem's Armour Emporium.
  4612 | D:5      | Gained mutation: Scrolls take you a little longer to read. [mutagenic meat]
  4613 | D:5      | Gained mutation: You have a pair of small antennae on your head. [mutagenic meat]
  4614 | D:5      | Gained mutation: Your muscles are strong. (Str +2) [mutagenic meat]
  4616 | D:5      | Lost mutation: Scrolls take you a little longer to read. [mutagenic meat]
  5315 | D:6      | Found a glowing silver altar of Zin.
  5376 | D:6      | Noticed WinterSpartan's ghost (novice DsAK)
  5386 | D:6      | Reached skill level 8 in Maces & Flails
  5395 | D:6      | Killed WinterSpartan's ghost
  5395 | D:6      | Reached skill level 9 in Maces & Flails
  5395 | D:6      | Reached XP level 9. HP: 59/59 MP: 9/9
  5974 | D:6      | Reached skill level 10 in Maces & Flails
  6272 | D:7      | Found a glowing golden altar of the Shining One.
  6272 | D:7      | Found a shadowy altar of Dithmenos.
  6272 | D:7      | Found a shattered altar of Ashenzari.
  6502 | D:7      | Found a staircase to the Ecumenical Temple.
  6897 | D:8      | Found a staircase to the Lair.
  6961 | D:8      | HP: 1/88 [orc warrior/short sword (15)]
  6965 | D:8      | Reached ***** piety under Trog
  7196 | D:8      | Reached skill level 11 in Maces & Flails
  7454 | D:8      | Reached XP level 10. HP: 56/64 MP: 10/10
  7526 | D:8      | Demolished by a very large slime creature

Skill      XL: |  1  2  3  4  5  6  7  8  9 |
---------------+----------------------------+-----
Maces & Flails | 4 6 7 9 11 | 11.3
Armour         | 3 5 |  5.6
Fighting       | 4 8 |  8.5
Dodging        | |  1.6

Action                   |  1- 3 |  4- 6 |  7- 9 | 10-12 || total
-------------------------+-------+-------+-------+-------++-------
Melee: Mace              |   121 |   187 |   132 |       ||   440
       Flail             |       |       |   400 |    20 ||   420
Throw: Tomahawk          |     1 |     2 |    17 |       ||    20
       Stone             |       |       |     2 |       ||     2
Invok: Berserk           |     1 |     2 |     9 |     1 ||    13
  Use: Scroll            |       |       |     8 |       ||     8
 Stab: Sleeping          |       |       |     1 |       ||     1
  Eat: Bread ration      |     1 |       |     3 |       ||     4
       Chunk             |       |     4 |    17 |       ||    21
       Pizza             |       |     1 |       |       ||     1
       Fruit             |       |       |     1 |       ||     1
       Beef jerky        |       |       |     1 |       ||     1
Armor: Animal skin       |    42 |    96 |   242 |     3 ||   383
Dodge: Dodged            |   102 |   158 |   377 |     6 ||   643
